 Dungeon Crawl Stone Soup version 0.23-a0-143-g1adec7b (webtiles) character file.

175 chorionicmirror the Shield-Bearer (level 5, -8/41 HPs)
             Began as a Formicid Fighter on Sept 3, 2018.
             Was a Believer of Vehumet.
             Killed by divine providence
             ... invoked by an orc priest
              (14 damage)
             ... on level 3 of the Dungeon.
             The game lasted 00:08:55 (2558 turns).

chorionicmirror the Shield-Bearer (FoFi)            Turns: 2558, Time: 00:08:56

Health: -8/41      AC:  9    Str: 26    XL:     5   Next: 85%
Magic:  5/5        EV:  9    Int:  8    God:    Vehumet [**....]
Gold:   159        SH: 11    Dex: 10    Spells: 4/4 levels left

rFire    + . .     SeeInvis +   a - +0 long sword
rCold    x . .     Gourm    .   c - +0 shield
rNeg     . . .     Faith    .   b - +0 scale mail
rPois    .         Spirit   .   (helmet unavailable)
rElec    .         Reflect  .   v - +0 cloak
rCorr    .         Harm     .   j - +0 pair of gloves
MR       .....                  (no boots)
Stlth    ..........             (no amulet)
HPRegen  0.13/turn              x - ring of fire
MPRegen  0.09/turn              (no ring)

@: mighty
A: permanent stasis, dig shafts and tunnels, four strong arms, antennae 3
a: Dig, Shaft Self, Renounce Religion


You were on level 3 of the Dungeon.
You worshipped Vehumet.
Vehumet was pleased with you.
You were not hungry.

You visited 1 branch of the dungeon, and saw 3 of its levels.

You collected 159 gold pieces.

Inventory:

Hand Weapons
 a - a +0 long sword (weapon)
Missiles
 l - 18 sling bullets
 w - 3 tomahawks (quivered)
Armour
 b - a +0 scale mail (worn)
 c - a +0 shield (worn)
 j - a +0 pair of gloves (worn)
 v - a +0 cloak (worn)
Jewellery
 x - a ring of fire (left hand)
Wands
 t - a wand of iceblast (11)
Scrolls
 g - a scroll of teleportation {unknown}
 k - 2 scrolls of immolation {unknown}
 o - 2 scrolls of enchant weapon {unknown}
 p - 2 scrolls of fear {unknown}
 r - a scroll of magic mapping {unknown}
 s - 3 scrolls of remove curse {unknown}
 u - a scroll of enchant armour {unknown}
 y - a scroll of identify {unknown}
Potions
 d - 2 potions of might
 e - a potion of degeneration {unknown}
 h - a potion of ambrosia {unknown}
 i - 2 potions of mutation {unknown}
 m - a potion of brilliance {unknown}
 n - a potion of agility {unknown}
Comestibles
 f - 6 rations
 q - 2 chunks of flesh


   Skills:
 - Level 3.2 Fighting
 + Level 3.5 Long Blades
 - Level 3.2 Armour
 * Level 6.3 Shields


You had 4 spell levels left.
You didn't know any spells.
Your spell library was empty.

Dungeon Overview and Level Annotations

Branches:
Dungeon (3/15)

Altars:
Vehumet


Innate Abilities, Weirdness & Mutations

You cannot be hasted, slowed, berserked, paralysed or teleported.
You can dig through walls and to a lower floor.
Your four strong arms can wield two-handed weapons with a shield.
You have a pair of large antennae on your head. (SInv)


Message History

The orc priest invokes the aid of Beogh against you.
Beogh smites you!
You feel very mighty all of a sudden. You block the orc's attack.
You closely miss the orc.
The orc priest mumbles some strange prayers to Beogh against you.
Beogh smites you!
* * * LOW HITPOINT WARNING * * *
The orc barely misses you.
You extend your mandibles.
You retract your mandibles.
You barely miss the orc. You block the orc's attack.
You extend your mandibles.
There are monsters nearby!
You retract your mandibles.
Are you sure you want to shaft yourself?
You feel quite a bit more hungry. You block the orc's attack.
The orc priest invokes the aid of Beogh against you.
Beogh smites you!
You die...

.# .# .#################
....##...........#
....##...........#
....##...........# ##
....##...........# ..
....##...........##o#####
....'...........@oro.....
....##...........##.#####
....##...........# #
##.###.........).# #.#
############# #.# #.#
#.########## #.##.......#


You could see 2 orc priests, an orc and a quokka.

Vanquished Creatures
  Ijyb (D:3)
  4 gnolls (D:2)
  2 adders (D:2)
  2 oozes
  A worm (D:2)
  3 dart slugs (D:2)
  7 leopard geckos
  2 orcs (D:3)
  2 ball pythons
  A giant cockroach (D:2)
  4 goblins
  5 hobgoblins
  2 jackals (D:1)
  4 kobolds
  A quokka (D:3)
  14 bats
  4 frilled lizards
  10 rats
69 creatures vanquished.

Notes
Turn   | Place    | Note
-------+----------+-------------------------------------------
     0 | D:1      | chorionicmirror the Formicid Fighter began the quest for
                  | the Orb.
     0 | D:1      | Reached XP level 1. HP: 18/18 MP: 1/1
    48 | D:1      | Reached skill level 4 in Shields
    48 | D:1      | Reached XP level 2. HP: 16/24 MP: 2/2
   305 | D:1      | Reached XP level 3. HP: 29/29 MP: 3/3
   727 | D:2      | Reached skill level 5 in Shields
   727 | D:2      | Reached XP level 4. HP: 31/35 MP: 4/4
   751 | D:2      | Found a faded altar of an unknown god.
   753 | D:2      | Became a worshipper of Vehumet
   753 | D:2      | Reached * piety under Vehumet
   753 | D:2      | Offered knowledge of Shock by Vehumet.
  1113 | D:2      | Reached XP level 5. HP: 15/41 MP: 5/5
  1671 | D:3      | Reached ** piety under Vehumet
  1671 | D:3      | Offered knowledge of Throw Frost by Vehumet.
  1762 | D:3      | Reached skill level 6 in Shields
  1807 | D:3      | Noticed Ijyb
  1822 | D:3      | Killed Ijyb
  2558 | D:3      | Killed from afar by an orc priest

Vault maps used:
D:1:      dpeg_arrival_tiny_a
D:2:      chequers_ecumenical_altar_twisty
D:3:      uniq_ijyb

Skill      XL: |  1  2  3  4  5 |
---------------+----------------+-----
Shields        | 4 5 6 |  6.3
Long Blades    | 3 |  3.5
Fighting       | |  3.2
Armour         | |  3.2

Action                   |  1- 3 |  4- 6 || total
-------------------------+-------+-------++-------
Melee: Long sword        |    85 |   125 ||   210
 Abil: Dig               |     2 |     4 ||     6
       Shaft Self        |       |     1 ||     1
  Use: Potion            |       |     1 ||     1
  Eat: Chunk             |       |     6 ||     6
Armor: Scale mail        |    47 |    54 ||   101
Dodge: Dodged            |    40 |    46 ||    86
Block: Shield            |    49 |    89 ||   138
       Rpst.: Long sword |    19 |    11 ||    30

Table legend:
 A = Non-vault XP
 B = Vault XP
 C = Vault XP percentage of total XP
 D = Non-vault monster count
 E = Vault monster count
 F = Vault count percentage of total count
                 A         B        C        D         E       F
            +---------+---------+-------+---------+---------+-------
      Total |     214 |      36 |  14.4 |      68 |       1 |   1.4
            +---------+---------+-------+---------+---------+-------
        D:1 |      33 |       0 |   0.0 |      18 |       0 |   0.0
        D:2 |     140 |       0 |   0.0 |      30 |       0 |   0.0
        D:3 |      41 |      36 |  46.8 |      20 |       1 |   4.8
            +---------+---------+-------+---------+---------+-------
